 Dungeon Sprint DCSS version 0.31-a0-1612-g4aaf141004 (webtiles) character file.

Game seed: 4292517751472370289

11400000 Colgate the Wishgranter (level 27, -23/187 (228) HPs)
             Began as a Djinni Warper on Jan 9, 2024.
             Was the Champion of Makhleb.
             Killed from afar by a wretched soul (132 damage)
             ... with a bolt of negative energy
             ... in the Dungeon (Sprint VIII: "Arena of Blood").
             The game lasted 00:08:40 (114 turns).

Colgate the Wishgranter (Djinni Warper)              Turns: 114, Time: 00:08:41

HP:   -23/187 (228) AC:  6    Str: 10    XL:     27
Gold: 0             EV: 25    Int: 28    God:    Makhleb [******] SH:  0 Dex: 14

rFire   + + .        i - +∞ Axe of Woe
rCold   x . .        (shield currently unavailable)
rNeg    . . .        b - +0 leather armour
rPois   ∞            (no helmet)
rElec   .            (no cloak)
rCorr   .            (no gloves)
SInv    .            (boots unavailable)
Will    ++...        (no amulet)
Stlth   +++++++++    (no ring)
HPRegen 0.51/turn    (no ring)
MPRegen 0.00/turn

%: no teleportation, infuse magic (-24 HP)
@: liquefying, flying, slowed, slowed movement, heavily drained, very slow
A: sickness immunity, fire resistance 2, cold vulnerability 1, float, innate
caster, HP casting, extra vitality 1
a: Renounce Religion, Minor Destruction, Lesser Servant of Makhleb, Major
Destruction, Greater Servant of Makhleb


You were in the Dungeon.
You worshipped Makhleb.
Makhleb was exalted by your worship.
You visited 1 branch

Inventory:

Hand Weapons
 a - a +0 hand axe
 i - the +∞ Axe of Woe (weapon)
   (You found it in the Dungeon)
Missiles
 d - 7 darts of dispersal
Armour
 b - a +0 leather armour (worn)
Scrolls
 c - 2 scrolls of blinking {@r4}
Potions
 e - a potion of curing {@q1}
 f - a potion of heal wounds {@q2}
 h - a potion of berserk rage


   Skills:
 O Level 27 Fighting
 O Level 27 Short Blades
 O Level 27 Long Blades
 O Level 27 Axes
 O Level 27 Maces & Flails
 O Level 27 Polearms
 O Level 27 Staves
 O Level 27 Ranged Weapons
 O Level 27 Throwing
 O Level 27 Armour
 O Level 27 Dodging
 O Level 27 Stealth
 O Level 27 Shields
 O Level 27 Unarmed Combat
 O Level 27 Spellcasting
 O Level 27 Conjurations
 O Level 27 Hexes
 O Level 27 Summonings
 O Level 27 Necromancy
 O Level 27 Translocations
 O Level 27 Fire Magic
 O Level 27 Ice Magic
 O Level 27 Air Magic
 O Level 27 Earth Magic
 O Level 27 Alchemy
 O Level 27 Invocations
 O Level 27 Evocations
 O Level 27 Shapeshifting


You knew the following spells:

 Your Spells              Type           Power      Damage    Failure   Level
a - Blink                 Tloc           100%       N/A       0%          2
b - Lesser Beckoning      Tloc           100%       N/A       0%          2
c - Teleport Other        Tloc           100%       N/A       0%          3
d - Manifold Assault      Tloc           100%       N/A       0%          4
e - Vhi's Electric Charg  Tloc/Air       100%       N/A       0%          4
f - Foxfire               Conj/Fire      100%       2x1d9     0%          1
g - Ensorcelled Hibernat  Hex/Ice        100%       N/A       0%          2
h - Call Imp              Summ           100%       N/A       0%          2
i - Flame Wave            Conj/Fire      100%       2d21      0%          4
j - Leda's Liquefaction   Alch/Erth      56%        N/A       0%          4
k - Metabolic Englaciati  Hex/Ice        56%        N/A       0%          5
l - Conjure Ball Lightni  Conj/Air       56%        3x3d20    0%          6
m - Plasma Beam           Fire/Air       56%        2x1d71    0%          6
n - Malign Gateway        Summ/Tloc      56%        N/A       0%          7
o - Borgnjor's Revivific  Necr           56%        N/A       1%          8
p - Haunt                 Necr/Summ      56%        N/A       0%          7
q - Shatter               Erth           56%        3d42*     1%          9
r - Fire Storm            Conj/Fire      56%        8d14      1%          9
Your spell library was empty.

Dungeon Overview and Level Annotations

Branches:
Dungeon (1/1)

Altars:
Makhleb


Innate Abilities, Weirdness & Mutations

You are immune to sickness and miasma.
You are immune to poison.
Your flesh is very heat resistant. (rF++)
You are vulnerable to cold. (rC-)
You float through the air rather than walking.
You learn spells naturally, not from books.
Your magical power is your life essence.
You have superior vitality. (+4 MHP)


Message History

You cleave the large abomination in twain.
You destroy the large abomination!
The large abomination disappears in a puff of smoke!
You feel extremely nervous for a moment...
You are engulfed in negative energy!
You feel drained.
The scourge appears out of thin air!
A scourge comes into view.
A meat beast comes into view.
Something bites the large abomination!
A dread comes into view. x3
Your life force feels restored.
A meat berserker comes into view. It is wielding a +9 battleaxe.
The scourge hisses angrily.
The meat beast growls angrily.
You slice the bag of meat!!
You hew the bag of meat violently.
You kill the bag of meat!
Makhleb accepts your kill.
You feel better.
You hit something.
You hew something violently.
Makhleb accepts your kill.
Reactivating autopickup.
You feel a bit more experienced.
You feel yourself slow down.
A bag of meat comes into view. It is wielding a +9 war axe.
Something completely misses the tyrant.
The tyrant shouts!
You dice the meat berserker like an onion!!!
You cleave the meat berserker in twain.
You kill the meat berserker!
Makhleb accepts your kill.
You hear a shout!
The scourge throws poison sting at you. The poison arrow hits you!
You partially resist.
The dread calls on the powers of darkness!
The scourge convulses!
The bag of meat convulses! x3
Your body is wracked with pain!
A bolt of negative energy appears from out of thin air!
The bolt of negative energy misses the meat beast.
Deactivating autopickup; reactivate with Ctrl-A.
The bolt of negative energy hits you!!!!
You feel drained.
Ouch! That really hurt!
You die...

..... .. .W....
#...o2 .# ..#...
#)... °)#
..))))###.DL )L###.
..)).)).)..###).).).
.W)#S)oo...._..o°☼.
.#)).).)W#....)#
..))..)o)#_)<._#
#).{.2@.#...†.#).
.W)#..)....)_...)).
..)).))...)###......
.)))))###).).).)###.
..)... #)......#
...... #)..{.))#
..... ))..)OLX)
#.#.. ))).).{)))
).)).).)))


You could see 2 meat beasts, 2 tyrants, an eight-headed meat hydra, a scourge, 4
dreads, a meat berserker (berserk) and 4 bags of meat.

Vanquished Creatures
  Sigmund (D)
  14 hell beasts (D)
  Edmund (D)
  14 royal mummies (D)
  8 wraiths (D)
  5 great orbs of eyes (D)
  21 vampire knights (D)
  53 ogres (D)
  9 two-headed ogres (D)
  7 liches (D)
  5 hydras (D)
  5 phantoms (D)
  130 orcs (D)
  10 skeletal warriors (D)
  2 sea snakes (D)
285 creatures vanquished.

Vanquished Creatures (others)
  2 eldritch tentacles (D)
2 creatures vanquished.

Grand Total: 287 creatures vanquished

Notes
Turn   | Place    | Note
-------+----------+-------------------------------------------
     0 | D        | Found the +∞ Axe of Woe
     0 | D        | Colgate the Djinni Warper began the quest for the Orb.
     0 | D        | Colgate set off with the following spells memorised: Blink,
                  | Lesser Beckoning, Teleport Other, Manifold Assault, Vhi's
                  | Electric Charge.
     0 | D        | Reached XP level 1. HP: 18/18 MP: 0/0
     2 | D        | Noticed a bag of meat
     3 | D        | Became a worshipper of Makhleb the Destroyer
     3 | D        | Noticed a meat berserker
     5 | D        | Killed a bag of meat
     6 | D        | Reached XP level 2. HP: 23/23 MP: 0/0
     6 | D        | Reached XP level 3. HP: 28/28 MP: 0/0
     6 | D        | Learned a level 1 spell: Foxfire
     6 | D        | Reached XP level 4. HP: 33/33 MP: 0/0
     6 | D        | Reached XP level 5. HP: 38/38 MP: 0/0
     6 | D        | Learned a level 2 spell: Ensorcelled Hibernation
     6 | D        | Reached XP level 6. HP: 43/43 MP: 0/0
     6 | D        | Reached XP level 7. HP: 49/49 MP: 0/0
     6 | D        | Learned a level 2 spell: Call Imp
     6 | D        | Reached XP level 8. HP: 54/54 MP: 0/0
     6 | D        | Reached XP level 9. HP: 58/58 MP: 0/0
     6 | D        | Learned a level 4 spell: Flame Wave
     6 | D        | Reached XP level 10. HP: 64/64 MP: 0/0
     6 | D        | Reached XP level 11. HP: 68/68 MP: 0/0
     6 | D        | Learned a level 4 spell: Leda's Liquefaction
     6 | D        | Noticed a bag of meat
     7 | D        | Noticed a bag of meat
     8 | D        | Killed a meat berserker
     8 | D        | Reached * piety under Makhleb
     8 | D        | Noticed a meat berserker
     8 | D        | Noticed a meat berserker
     8 | D        | Noticed a meat berserker
     9 | D        | Reached XP level 12. HP: 74/74 MP: 0/0
     9 | D        | Reached XP level 13. HP: 78/78 MP: 0/0
     9 | D        | Learned a level 5 spell: Metabolic Englaciation
     9 | D        | Noticed a meat berserker
    10 | D        | Killed a meat berserker
    10 | D        | Killed a meat berserker
    10 | D        | Killed a bag of meat
    10 | D        | Reached ** piety under Makhleb
    10 | D        | Killed a meat berserker
    10 | D        | Noticed a bag of meat
    11 | D        | Reached XP level 14. HP: 77/85 MP: 0/0
    11 | D        | Reached XP level 15. HP: 81/89 MP: 0/0
    11 | D        | Learned a level 6 spell: Conjure Ball Lightning
    11 | D        | Killed a meat berserker
    11 | D        | Reached *** piety under Makhleb
    11 | D        | Noticed a meat berserker
    12 | D        | Reached skill level 27 in Spellcasting
    12 | D        | Reached skill level 27 in Conjurations
    12 | D        | Reached skill level 27 in Hexes
    12 | D        | Reached skill level 27 in Summonings
    12 | D        | Reached skill level 27 in Necromancy
    12 | D        | Reached skill level 27 in Translocations
    12 | D        | Reached skill level 27 in Fire Magic
    12 | D        | Reached skill level 27 in Ice Magic
    12 | D        | Reached skill level 27 in Air Magic
    12 | D        | Reached skill level 27 in Earth Magic
    12 | D        | Reached skill level 27 in Alchemy
    12 | D        | Reached skill level 15 in Fighting
    12 | D        | Reached XP level 16. HP: 126/126 MP: 0/0
    12 | D        | Killed a meat berserker
    12 | D        | Reached **** piety under Makhleb
    13 | D        | Reached XP level 17. HP: 131/131 MP: 0/0
    13 | D        | Learned a level 6 spell: Plasma Beam
    13 | D        | Noticed a meat berserker
    14 | D        | Reached ***** piety under Makhleb
    14 | D        | Noticed a meat berserker
    15 | D        | Reached skill level 27 in Dodging
    15 | D        | Reached XP level 18. HP: 151/151 MP: 0/0
    15 | D        | Killed a meat berserker
    16 | D        | Reached skill level 27 in Fighting
    16 | D        | Reached skill level 1 in Throwing
    16 | D        | Reached ****** piety under Makhleb
    17 | D        | Reached skill level 5 in Armour
    17 | D        | Reached XP level 19. HP: 174/174 MP: 0/0
    17 | D        | Learned a level 7 spell: Malign Gateway
    17 | D        | Noticed a meat berserker
    18 | D        | Reached skill level 27 in Axes
    19 | D        | Killed a meat berserker
    19 | D        | Killed a meat berserker
    19 | D        | Noticed a destroyer
    19 | D        | Noticed a large bag of meat
    19 | D        | Noticed a meat berserker
    20 | D        | Reached skill level 15 in Throwing
    20 | D        | Killed a large bag of meat
    20 | D        | Killed a destroyer
    20 | D        | Noticed a meat berserker
    20 | D        | Noticed a meat berserker
    21 | D        | Reached XP level 20. HP: 181/181 MP: 0/0
    21 | D        | Killed a meat berserker
    21 | D        | Killed a meat berserker
    21 | D        | Killed a meat berserker
    21 | D        | Noticed a destroyer
    21 | D        | Noticed a meat berserker
    22 | D        | Reached skill level 27 in Throwing
    22 | D        | Reached skill level 27 in Armour
    22 | D        | Reached XP level 21. HP: 187/187 MP: 0/0
    22 | D        | Learned a level 8 spell: Borgnjor's Revivification
    22 | D        | Killed a destroyer
    22 | D        | Killed a meat berserker
    23 | D        | Reached XP level 22. HP: 194/194 MP: 0/0
    23 | D        | Noticed a meat berserker
    23 | D        | Noticed a destroyer
    23 | D        | Noticed a meat berserker
    24 | D        | Killed a destroyer
    24 | D        | Killed a meat berserker
    24 | D        | Noticed a meat berserker
    24 | D        | Noticed a meat berserker
    25 | D        | Reached skill level 10 in Maces & Flails
    25 | D        | Reached skill level 10 in Polearms
    25 | D        | Reached skill level 10 in Ranged Weapons
    25 | D        | Reached skill level 10 in Shapeshifting
    25 | D        | Killed a meat berserker
    25 | D        | Killed a meat berserker
    26 | D        | Reached XP level 23. HP: 201/201 MP: 0/0
    26 | D        | Learned a level 7 spell: Haunt
    27 | D        | Reached skill level 15 in Shields
    27 | D        | Reached skill level 15 in Unarmed Combat
    27 | D        | Reached skill level 15 in Invocations
    27 | D        | Reached skill level 15 in Evocations
    27 | D        | Reached XP level 24. HP: 204/208 MP: 0/0
    28 | D        | Reached skill level 15 in Short Blades
    28 | D        | Reached skill level 15 in Long Blades
    28 | D        | Reached skill level 15 in Staves
    28 | D        | Reached skill level 15 in Stealth
    28 | D        | Noticed a large bag of meat
    29 | D        | Killed a large bag of meat
    30 | D        | Reached skill level 15 in Maces & Flails
    30 | D        | Reached skill level 15 in Polearms
    30 | D        | Reached skill level 15 in Ranged Weapons
    30 | D        | Reached skill level 15 in Shapeshifting
    30 | D        | Reached XP level 25. HP: 214/214 MP: 0/0
    30 | D        | Learned a level 9 spell: Shatter
    30 | D        | Noticed a destroyer
    31 | D        | Killed a destroyer
    31 | D        | Noticed a large bag of meat
    31 | D        | Noticed a large bag of meat
    32 | D        | Noticed a destroyer
    32 | D        | Killed a large bag of meat
    32 | D        | Killed a destroyer
    32 | D        | Killed a large bag of meat
    32 | D        | Noticed a large bag of meat
    33 | D        | Reached XP level 26. HP: 221/221 MP: 0/0
    33 | D        | Killed a large bag of meat
    34 | D        | Noticed a destroyer
    35 | D        | Reached XP level 27. HP: 228/228 MP: 0/0
    35 | D        | Learned a level 9 spell: Fire Storm
    35 | D        | Killed a destroyer
    37 | D        | Noticed a destroyer
    37 | D        | Killed a destroyer
    38 | D        | Noticed a large bag of meat
    38 | D        | Noticed a destroyer
    39 | D        | Killed a large bag of meat
    40 | D        | Killed a destroyer
    41 | D        | Reached skill level 27 in Shields
    41 | D        | Reached skill level 27 in Unarmed Combat
    41 | D        | Reached skill level 27 in Invocations
    41 | D        | Reached skill level 27 in Evocations
    43 | D        | Noticed a destroyer
    44 | D        | Reached skill level 27 in Short Blades
    44 | D        | Reached skill level 27 in Long Blades
    44 | D        | Reached skill level 27 in Staves
    44 | D        | Reached skill level 27 in Stealth
    45 | D        | Reached skill level 27 in Maces & Flails
    45 | D        | Reached skill level 27 in Polearms
    45 | D        | Reached skill level 27 in Ranged Weapons
    45 | D        | Reached skill level 27 in Shapeshifting
    45 | D        | Killed a destroyer
    49 | D        | Noticed a large bag of meat
    50 | D        | Noticed an accursed
    50 | D        | Killed an accursed
    50 | D        | Killed a large bag of meat
    50 | D        | Noticed a destroyer
    50 | D        | Noticed a destroyer
    51 | D        | Killed a destroyer
    51 | D        | Killed a destroyer
    55 | D        | Noticed an accursed
    55 | D        | Noticed an accursed
    56 | D        | Noticed a tyrant
    56 | D        | Killed a tyrant
    56 | D        | Killed an accursed
    56 | D        | Killed an accursed
    57 | D        | Noticed a destroyer
    58 | D        | Killed a destroyer
    59 | D        | Noticed a large bag of meat
    59 | D        | Noticed an accursed
    60 | D        | Killed an accursed
    60 | D        | Killed a large bag of meat
    60 | D        | Noticed an accursed
    61 | D        | Killed an accursed
    61 | D        | Noticed a meat beast
    62 | D        | Noticed a meat beast
    63 | D        | Killed a meat beast
    63 | D        | Killed a meat beast
    64 | D        | Noticed a destroyer
    64 | D        | Noticed a tyrant
    65 | D        | Killed a destroyer
    65 | D        | Killed a tyrant
    66 | D        | Noticed a tyrant
    67 | D        | Killed a tyrant
    67 | D        | Noticed an accursed
    68 | D        | Killed an accursed
    69 | D        | Noticed a dread
    69 | D        | Killed a dread
    69 | D        | Noticed a meat beast
    69 | D        | Noticed a dread
    70 | D        | Killed a meat beast
    70 | D        | Killed a dread
    72 | D        | Noticed an accursed
    73 | D        | Killed an accursed
    73 | D        | Noticed an accursed
    74 | D        | Killed an accursed
    74 | D        | Noticed a meat beast
    75 | D        | Killed a meat beast
    76 | D        | Noticed a dread
    77 | D        | Killed a dread
    78 | D        | Noticed a destroyer
    79 | D        | Noticed a tyrant
    80 | D        | Killed a tyrant
    80 | D        | Killed a destroyer
    80 | D        | Noticed a meat beast
    80 | D        | Noticed a meat beast
    80 | D        | Noticed a meat beast
    81 | D        | Killed a meat beast
    81 | D        | Killed a meat beast
    81 | D        | Killed a meat beast
    81 | D        | Noticed a meat beast
    82 | D        | Killed a meat beast
    83 | D        | Noticed a meat beast
    83 | D        | Noticed a meat beast
    83 | D        | Noticed a destroyer
    84 | D        | Killed a meat beast
    85 | D        | Killed a destroyer
    85 | D        | Killed a meat beast
    85 | D        | Noticed a meat beast
    85 | D        | Noticed a destroyer
    85 | D        | Noticed a dread
    86 | D        | Killed a destroyer
    86 | D        | Killed a dread
    86 | D        | Killed a meat beast
    86 | D        | Noticed a large bag of meat
    87 | D        | Killed a large bag of meat
    87 | D        | Noticed a destroyer
    88 | D        | Killed a destroyer
    88 | D        | Noticed a destroyer
    90 | D        | Killed a destroyer
    90 | D        | Noticed a meat beast
    91 | D        | Killed a meat beast
    92 | D        | Noticed an accursed
    93 | D        | Killed an accursed
    94 | D        | Noticed a dread
    95 | D        | Noticed an accursed
    95 | D        | Killed an accursed
    95 | D        | Noticed a tyrant
    96 | D        | Noticed a meat beast
    97 | D        | Killed a meat beast
    97 | D        | Killed a tyrant
    98 | D        | Noticed a tyrant
    98 | D        | Noticed an accursed
    99 | D        | Killed a tyrant
    99 | D        | Killed an accursed
    99 | D        | Noticed a tyrant
   100 | D        | Noticed a tyrant
   100 | D        | Noticed a destroyer
   101 | D        | Noticed a destroyer
   101 | D        | Killed a tyrant
   101 | D        | Killed a destroyer
   101 | D        | Killed a destroyer
   102 | D        | Killed a dread
   102 | D        | Noticed an accursed
   102 | D        | Noticed an accursed
   103 | D        | Killed an accursed
   103 | D        | Killed an accursed
   105 | D        | Noticed a destroyer
   105 | D        | Noticed a meat beast
   105 | D        | Noticed The Defiler
   106 | D        | Killed The Defiler
   106 | D        | Killed a meat beast
   106 | D        | Noticed a dread
   107 | D        | Killed a dread
   107 | D        | Killed a destroyer
   108 | D        | Noticed a dread
   108 | D        | Killed a dread
   108 | D        | Noticed a tyrant
   109 | D        | Noticed a dread
   109 | D        | Noticed The Captor
   109 | D        | Noticed a meat beast
   110 | D        | Noticed an accursed
   111 | D        | Noticed a dread
   112 | D        | Killed an accursed
   112 | D        | Killed The Captor
   112 | D        | Killed a dread
   112 | D        | Noticed a meat beast
   112 | D        | Noticed a dread
   112 | D        | Noticed a dread
   112 | D        | Noticed a dread
   114 | D        | Killed from afar by a wretched soul

Illustrated notes

Levels and vault maps discovered:
D:        meatsprint

Skill      XL: |  1  2  3  4  5  6  7  8  9 10 11 12 13 14 15 16 17 18 19 20 21 22 23 24 25 26 27 |
---------------+----------------------------------------------------------------------------------+-----
Axes           | 21 24 26 27 | 27.0
Spellcasting   | 11 24 27 | 27.0
Conjurations   | 11 24 27 | 27.0
Hexes          | 11 24 27 | 27.0
Summonings     | 11 24 27 | 27.0
Necromancy     | 11 24 27 | 27.0
Translocations | 11 24 27 | 27.0
Fire Magic     | 11 24 27 | 27.0
Ice Magic      | 11 24 27 | 27.0
Air Magic      | 11 24 27 | 27.0
Earth Magic    | 11 24 27 | 27.0
Alchemy        | 11 24 27 | 27.0
Fighting       | 15 20 27 | 27.0
Dodging        | 22 27 | 27.0
Throwing       | 4 21 27 | 27.0
Armour         | 5 25 27 | 27.0
Short Blades   | 8 13 14 17 20 21 27 | 27.0
Long Blades    | 8 13 14 17 20 21 27 | 27.0
Maces & Flails | 7 12 13 15 18 20 27 | 27.0
Polearms       | 7 12 13 15 18 20 27 | 27.0
Staves         | 8 13 14 17 20 21 27 | 27.0
Ranged Weapons | 7 12 13 15 18 20 27 | 27.0
Stealth        | 8 13 14 17 20 21 27 | 27.0
Shields        | 9 14 15 18 21 23 27 | 27.0
Unarmed Combat | 9 14 15 18 21 23 27 | 27.0
Invocations    | 9 14 15 18 21 23 27 | 27.0
Evocations     | 9 14 15 18 21 23 27 | 27.0
Shapeshifting  | 7 12 13 15 18 20 27 | 27.0

Action                     |  1- 3 |  4- 6 |  7- 9 | 10-12 | 13-15 | 16-18 | 19-21 | 22-24 | 25-27 || total
---------------------------+-------+-------+-------+-------+-------+-------+-------+-------+-------++-------
  Melee: Executioner's axe |     1 |       |       |     1 |     7 |    12 |    16 |    22 |   224 ||   283
   Cast: Manifold Assault  |       |       |       |       |     2 |     4 |     5 |     6 |    72 ||    89
         Leda's Liquefacti |       |       |       |       |     1 |       |       |       |     1 ||     2
         Malign Gateway    |       |       |       |       |       |       |     1 |       |     1 ||     2
         Vhi's Electric Ch |       |       |       |       |       |       |       |       |     1 ||     1
    Use: Potion            |       |       |       |       |       |       |       |       |     1 ||     1
 Armour: Leather armour    |       |       |       |       |       |       |       |       |    15 ||    15
  Dodge: Dodged            |       |       |       |       |       |       |       |       |     5 ||     5

Table legend: (Time is in decaauts)
 A = Elapsed time spent in this place.
 B = Non-inter-level travel time spent in this place.
 C = Inter-level travel time spent in this place.
 D = Time resting spent in this place.
 E = Time spent auto-exploring this place.
 F = Levels seen in this place.
 G = Mean time per level.
                   A        B        C        D        E       F      G
               +--------+--------+--------+--------+--------+-----+--------+
         Total |     88 |     88 |      0 |      0 |      0 |   1 |   88.0 |
       Dungeon |     88 |     88 |      0 |      0 |      0 |   1 |   88.0 |
               +--------+--------+--------+--------+--------+-----+--------+

Top non-repeatable levels by time:
       D: 88 daAuts
